 Dungeon Crawl Stone Soup version 0.28.0-47-ge53b351184 (webtiles) character file.

Game seed: 17084332266822514875

14985 pkoi the Frost Mage (level 11, -17/89 HPs)
             Began as a Demigod Ice Elementalist on Apr 26, 2022.
             Demolished by a large slime creature (33 damage)
             ... on level 12 of the Dungeon.
             The game lasted 00:33:40 (18257 turns).

pkoi the Frost Mage (Demigod Ice Elementalist)     Turns: 18257, Time: 00:33:40

Health: -17/89     AC: 23    Str:  8 (9)  XL:     11   Next: 64%
Magic:  16/23      EV: 12    Int: 27 (29) God:
Gold:   518        SH:  0    Dex: 14      Spells: 7/21 levels left

rFire   . . .      SeeInvis .   a - +3 shortbow (flame)
rCold   + . .      Faith    .   (shield currently unavailable)
rNeg    . . .      Spirit   .   C - +2 robe {rC+}
rPois   .          Reflect  .   j - +1 helmet
rElec   .          Harm     .   l - +2 cloak
rCorr   .          Rampage  .   (no gloves)
Will    ++...                   (no boots)
Stlth   ++........              (no amulet)
HPRegen 0.24/turn               i - ring of willpower
MPRegen 0.18/turn               G - +4 ring of protection

@: ice-armoured, freezing walls
A: high MP 1, forlorn, divine attributes
a: no special abilities


You were on level 12 of the Dungeon.
You visited 1 branch of the dungeon, and saw 12 of its levels.

You collected 817 gold pieces.
You spent 299 gold pieces at shops.

Inventory:

Hand Weapons
 a - a +3 shortbow of flaming (weapon)
 e - a +2 dagger of electrocution
 o - a +5 short sword
Missiles
 f - 139 arrows (quivered ammo)
 g - 20 poisoned darts
 r - a curare-tipped dart
Armour
 j - a +1 helmet (worn)
 l - a +2 cloak (worn)
 u - a +1 robe of fire resistance
 C - a +2 robe of cold resistance (worn)
Jewellery
 i - a ring of willpower (left hand)
 B - a ring of see invisible
 G - a +4 ring of protection (right hand)
Wands
 c - a wand of iceblast (7)
 d - a wand of flame (22)
 v - a wand of mindburst (12)
 w - a wand of polymorph (11)
Scrolls
 b - a scroll of silence
 h - 3 scrolls of magic mapping
 m - a scroll of fog
 n - 3 scrolls of teleportation
 p - 2 scrolls of blinking
 q - a scroll of enchant armour
 t - 2 scrolls of summoning
 y - a scroll of fear
 D - a scroll of amnesia
 E - 3 scrolls of identify
Potions
 k - 2 potions of heal wounds
 s - 2 potions of berserk rage
 x - a potion of mutation
 z - a potion of curing
 F - a potion of haste
 H - a potion of attraction
Miscellaneous
 A - a condenser vane


   Skills:
 + Level 5.9 Fighting
 + Level 9.0 Bows
 + Level 4.0 Armour
 - Level 1.7 Dodging
 - Level 3.0 Stealth
 + Level 5.8 Spellcasting
 + Level 2.0 Conjurations
 + Level 2.3 Transmutations
 + Level 10.5 Ice Magic
 - Level 6.0 Evocations


You had 7 spell levels left.
You knew the following spells:

 Your Spells              Type           Power      Damage    Failure   Level
a - Freeze                Ice            100%       1d11      1%          1
b - Frozen Ramparts       Ice            100%       1d12      1%          3
c - Ozocubu's Armour      Ice            59%        N/A       1%          3
d - Passwall              Tmut/Erth      11%        N/A       6%          2
e - Irradiate             Conj/Tmut      9%         3d16      58%         5

Your spell library contained the following spells:

 Spells                   Type           Power      Damage    Failure   Level
 Ensorcelled Hibernation  Hex/Ice        72%        N/A       1%          2
 Hailstorm                Conj/Ice       41%        3d10      4%          4
 Ice Form                 Ice/Tmut       42%        N/A       4%          4
 Summon Small Mammal      Summ           28%        N/A       7%          1
 Summon Ice Beast         Ice/Summ       36%        N/A       8%          4
 Sublimation of Blood     Necr           7%         N/A       10%         2
 Call Canine Familiar     Summ           7%         N/A       21%         3
 Gell's Gravitas          Tloc           7%         N/A       21%         3
 Summon Guardian Golem    Hex/Summ       7%         N/A       21%         3
 Swiftness                Air            7%         N/A       21%         3
 Teleport Other           Tloc           7%         N/A       21%         3
 Petrify                  Tmut/Erth      14%        N/A       38%         4
 Dispersal                Tloc           3%         N/A       100%        6


Dungeon Overview and Level Annotations

Branches:
Dungeon (12/15)            Temple (0/1) D:5            Lair (0/6) D:10
    Orc (0/2) D:11

Shops:
D:1 (   D:6 *   D:10 [

Portals:
Abyss: D:7

Annotations:
D:3 1 transporter
D:7 2 transporters, zeratav's ghost, novice OpCj
D:10 3 runed translucent doors, bmoney's ghost, journeyman DjCj


Innate Abilities, Weirdness & Mutations

You have an increased reservoir of magic. (+10% MP)
You shall have no god before yourself.
Your divine heritage dramatically boosts your attributes as you level up.


Message History

The arrow burns the large slime creature.
The large slime creature is moderately wounded.
The wall freezes the large slime creature!
The large slime creature hits you.
* * * LOW HITPOINT WARNING * * *
Fire: 143 arrows
Press: ? - help, Q - select action, (/) - cycle Shift-Dir - straight line, f/p - large slime creature
Aim: a large slime creature (moderately wounded, 85% to hit)
You shoot an arrow.
The arrow hits the large slime creature!
The arrow burns the large slime creature.
The large slime creature is heavily wounded.
Fire: 142 arrows
Press: ? - help, Q - select action, (/) - cycle Shift-Dir - straight line, f/p - large slime creature
Aim: a large slime creature (heavily wounded, 85% to hit)
You shoot an arrow.
The arrow hits the large slime creature!
The arrow burns the large slime creature.
The large slime creature is heavily wounded.
The wall freezes the large slime creature!
The large slime creature hits you but does no damage.
Fire: 141 arrows
Press: ? - help, Q - select action, (/) - cycle Shift-Dir - straight line, f/p - large slime creature
Aim: a large slime creature (severely wounded, 85% to hit)
You shoot an arrow.
The arrow hits the large slime creature.
The arrow burns the large slime creature.
The large slime creature is severely wounded.
The wall freezes the large slime creature!
The large slime creature hits you but does no damage.
Fire: 140 arrows
Press: ? - help, Q - select action, (/) - cycle Shift-Dir - straight line, f/p - large slime creature
Aim: a large slime creature (severely wounded, 85% to hit)
You shoot an arrow.
The arrow hits the large slime creature!
The arrow burns the large slime creature.
The large slime creature is almost dead.
The wall freezes the large slime creature!
The large slime creature hits you!!
You die...

#. #.# #..# #. #.# #.# #..# #.
#.# #^# #..# #. #.# #.# #..# ##
# #.# #.# #..# #. #.# #.# #..#
#.##.#### #.# #..#
..###.......#####.# #####..#####
(.....(.......J@..###...........
..###..####.#.##........(..#.###
#.. #.......###.###.##.# # ...(
#.#.##### #)# #....### ###.#
##.#.# #####.######.... ..
#....# #..........####) ###
#....# #.###.####.# #. #....#
#.# #.# #. ##.#.# #[# #.# #.


You could see a large slime creature.

Vanquished Creatures
  Snorg (D:12)
  A hydra (D:9)
  A boulder beetle (D:11)
  5 two-headed ogres
  A cyclops (D:12)
  An elephant (D:10)
  A gargoyle (D:11)
  An unseen horror (D:11)
  3 kobold demonologists
  A troll (D:12)
  2 slime creatures (D:12)
  2 wraiths
  3 wyverns
  12 yaks
  2 basilisks (D:10)
  3 acid dragons
  5 orc warriors
  2 sky beasts
  A black bear (D:6)
  3 necrophages
  An ogre (D:7)
  8 centaurs
  A kobold brigand (D:10)
  2 bullfrogs
  Blork the orc (D:6)
  2 water moccasin zombies
  4 scorpions
  9 killer bees
  11 wights
  2 howler monkeys (D:8)
  2 crimson imps
  3 bullfrog zombies (D:5)
  2 hounds
  2 centaur zombies
  5 orc priests
  Crazy Yiuf (D:2)
  A centaur skeleton (D:7)
  Jessica (D:2)
  A bullfrog skeleton (D:5)
  3 gnoll shamans
  4 iguanas
  8 orc wizards
  A scorpion zombie (D:5)
  A hound skeleton (D:5)
  2 howler monkey skeletons
  10 gnolls
  6 adders
  2 shadow imps (D:7)
  An adder skeleton (D:5)
  A worm (D:3)
  4 dart slugs
  31 orcs
  2 endoplasms
  3 giant cockroaches
  11 goblins
  5 hobgoblins
  4 jackals (D:1)
  4 quokkas
  5 ball pythons
  8 bats
  3 frilled lizards
  A goblin skeleton (D:3)
  2 goblin zombies (D:3)
  2 hobgoblin zombies (D:3)
  7 kobolds
  2 kobold zombies (D:3)
  An orc skeleton (D:3)
  4 rats
248 creatures vanquished.

Vanquished Creatures (others)
  2 plants (D:10)
2 creatures vanquished.

Grand Total: 250 creatures vanquished

Notes
Turn   | Place    | Note
-------+----------+-------------------------------------------
     0 | D:1      | pkoi the Demigod Ice Elementalist began the quest for the
                  | Orb.
     0 | D:1      | Reached XP level 1. HP: 14/14 MP: 5/5
   159 | D:1      | Reached skill level 4 in Ice Magic
   707 | D:1      | You fall into a shaft and drop 1 floor!
   729 | D:2      | Reached XP level 2. HP: 20/20 MP: 2/7
   887 | D:2      | Noticed Jessica
   891 | D:2      | Killed Jessica
   892 | D:2      | Reached XP level 3. HP: 18/26 MP: 5/8
  1275 | D:1      | Learned a level 3 spell: Frozen Ramparts
  1327 | D:1      | Found Ziocilue's Weapon Shop.
  1615 | D:2      | Reached skill level 5 in Ice Magic
  2116 | D:2      | Found a runed translucent door.
  2117 | D:2      | Noticed Crazy Yiuf
  2453 | D:2      | Killed Crazy Yiuf
  2454 | D:2      | Reached skill level 1 in Bows
  2454 | D:2      | Reached XP level 4. HP: 24/33 MP: 3/9
  2883 | D:3      | Found a transporter.
  2883 | D:3      | Noticed a centaur
  3186 | D:3      | Reached XP level 5. HP: 38/38 MP: 6/10
  4248 | D:1      | Bought a +2 shortbow of freezing for 174 gold pieces
  4995 | D:4      | Learned a level 3 spell: Ozocubu's Armour
  5249 | D:4      | Reached skill level 6 in Ice Magic
  5249 | D:4      | Reached XP level 6. HP: 41/45 MP: 11/11
  5764 | D:5      | Entered Level 5 of the Dungeon
  6280 | D:5      | Noticed a yak
  6280 | D:5      | Noticed a yak
  6280 | D:5      | Noticed a yak
  6280 | D:5      | Noticed a yak
  6280 | D:5      | Noticed a yak
  6315 | D:5      | Killed a yak
  6316 | D:5      | Reached XP level 7. HP: 44/50 MP: 5/12
  6483 | D:5      | Found a staircase to the Ecumenical Temple.
  6579 | D:5      | Learned a level 2 spell: Passwall
  7028 | D:5      | Reached skill level 7 in Ice Magic
  7946 | D:5      | Reached skill level 5 in Bows
  8152 | D:5      | Noticed a yak
  8162 | D:5      | Killed a yak
  8166 | D:5      | Killed a yak
  8169 | D:5      | Killed a yak
  8170 | D:5      | Reached XP level 8. HP: 34/57 MP: 4/13
  8173 | D:5      | Reached skill level 8 in Ice Magic
  8523 | D:6      | Found Ugru's Assorted Antiques.
  8523 | D:6      | Noticed Blork the orc
  8539 | D:6      | Killed Blork the orc
  8540 | D:6      | Reached skill level 1 in Fighting
  8540 | D:6      | Reached skill level 1 in Evocations
  9612 | D:6      | Reached XP level 9. HP: 60/67 MP: 4/16
 10269 | D:7      | Reached skill level 9 in Ice Magic
 10493 | D:7      | Noticed a rust devil
 10510 | D:7      | Found a transporter.
 10518 | D:7      | Found a one-way gate to the infinite horrors of the Abyss.
 10542 | D:7      | Found a transporter.
 10543 | D:7      | Noticed zeratav's ghost (novice OpCj)
 12315 | D:9      | Reached XP level 10. HP: 70/78 MP: 11/19
 12335 | D:9      | Noticed a five-headed hydra
 12347 | D:9      | Killed a five-headed hydra
 13247 | D:10     | Entered Level 10 of the Dungeon
 13247 | D:10     | Noticed a two-headed ogre
 13262 | D:10     | Killed a two-headed ogre
 13263 | D:10     | Reached skill level 1 in Armour
 13498 | D:10     | Found a staircase to the Lair.
 13498 | D:10     | Noticed an elephant
 13512 | D:10     | Killed an elephant
 13787 | D:10     | Reached skill level 5 in Evocations
 14216 | D:10     | Reached skill level 5 in Spellcasting
 14278 | D:10     | Reached skill level 5 in Fighting
 14506 | D:10     | Found a runed translucent gate.
 14506 | D:10     | Found a runed translucent gate.
 14506 | D:10     | Found a runed translucent gate.
 14575 | D:10     | Noticed a nine-headed hydra
 14576 | D:10     | Noticed a ten-headed hydra
 14588 | D:10     | Noticed bmoney's ghost (journeyman DjCj)
 14833 | D:10     | Found Lidemeq's Antique Armour Shop.
 14836 | D:10     | Bought a runed robe for 125 gold pieces
 15080 | D:11     | Noticed a two-headed ogre
 15080 | D:11     | Found a staircase to the Orcish Mines.
 15088 | D:11     | Killed a two-headed ogre
 15089 | D:11     | Reached skill level 10 in Ice Magic
 15092 | D:11     | Reached XP level 11. HP: 60/88 MP: 16/22
 15094 | D:11     | Noticed a two-headed ogre
 15099 | D:11     | Killed a two-headed ogre
 15395 | D:11     | Learned a level 5 spell: Irradiate
 15453 | D:11     | Noticed a two-headed ogre
 15461 | D:11     | Killed a two-headed ogre
 16238 | D:11     | Noticed a boulder beetle
 16264 | D:11     | Killed a boulder beetle
 16265 | D:11     | Reached skill level 1 in Conjurations
 16265 | D:11     | Reached skill level 1 in Transmutations
 17726 | D:12     | Noticed Snorg
 17739 | D:12     | Killed Snorg
 18003 | D:12     | Noticed a skeletal warrior
 18061 | D:12     | Noticed a two-headed ogre
 18070 | D:12     | Killed a two-headed ogre
 18257 | D:12     | Demolished by a large slime creature

Illustrated notes

Levels and vault maps discovered:
D:1:      erik_arrival_orb_chamber, layout_basic, serial_shops,
          nicolae_shop_bloodbath_and_beyond
D:2:      layout_loops_corners, hangedman_decor_growths, uniq_jessica,
          uniq_crazy_yiuf_cottage
D:3:      layout_loops_corners, nicolae_tso_besieged_by_evil,
          grunt_nemelex_the_gamble, shapermc_ecumenical_altar_venn
D:4:      layout_loops_ring, grunt_temple_overflow_lords_of_destruction
D:5:      layout_loops_ring, minmay_temple_entry_slanted
D:6:      layout_cave_pools, grunt_gozag_statues, serial_shops, shop_fountains,
          uniq_blork_the_orc
D:7:      layout_gridville, gammafunk_ghost_abyssal_escape
D:8:      layout_basic, nicolae_uskayaw_suspiria, kennysheep_small_spiral
D:9:      layout_basic, grunt_temple_overflow_open,
          mainiacjoe_overflow_catch_the_wave, serial_park_tiny_pond
D:10:     layout_basic, old_standard_altar, david_lair_generic, serial_shops,
          kennysheep_mini, gammafunk_ghost_hydra_chop
D:11:     layout_roguey, david_orc_3, centaur_isle
D:12:     layout_loops_ring, uniq_snorg

Skill      XL: |  1  2  3  4  5  6  7  8  9 10 11 |
---------------+----------------------------------+-----
Ice Magic      | 4 5 6 7 8 9 10 | 10.5
Bows           | 1 2 3 4 5 7 8 9 |  9.0
Fighting       | 2 3 5 |  5.9
Spellcasting   | 2 4 5 |  5.8
Evocations     | 2 4 5 6 |  6.0
Armour         | 2 4 |  4.0
Stealth        | 3 |  3.0
Conjurations   | 2 |  2.0
Transmutations | 2 |  2.3
Dodging        | |  1.7

Action                   |  1- 3 |  4- 6 |  7- 9 | 10-12 || total
-------------------------+-------+-------+-------+-------++-------
Melee: Dagger            |    12 |   137 |   213 |       ||   362
       Unarmed           |     1 |       |       |       ||     1
       Punch             |       |     1 |     4 |       ||     5
 Fire: Shortbow          |       |     2 |    60 |   295 ||   357
 Cast: Freeze            |    47 |    29 |       |       ||    76
       Frozen Ramparts   |     1 |     7 |    39 |    30 ||    77
       Ozocubu's Armour  |       |     1 |    36 |    29 ||    66
       Passwall          |       |       |     1 |       ||     1
  Use: Scroll            |       |    10 |     6 |     1 ||    17
       Potion            |       |     3 |     1 |     4 ||     8
 Stab: Sleeping          |       |     3 |     1 |       ||     4
Armor: Robe              |    12 |    42 |   111 |    70 ||   235
Dodge: Dodged            |    31 |    90 |   143 |    94 ||   358
